 Dungeon Crawl Stone Soup version 0.26-a0-753-g4680b4fa2e (webtiles) character file.

Game seed: 10139636024807240943

53 Descartes the Skirmisher (level 4, 0/37 HPs)
             Began as a Formicid Chaos Knight on Nov 7, 2020.
             Was a Plaything of Xom.
             Slain by a quasit (1 damage)
             ... summoned by Xom
             ... while paralysed
             ... on level 3 of the Dungeon.
             The game lasted 00:02:39 (1370 turns).

Descartes the Skirmisher (Formicid Chaos Knight)    Turns: 1370, Time: 00:02:41

Health: 0/37       AC:  5    Str: 17      XL:     4   Next: 10%
Magic:  4/4        EV:  2    Int: 12      God:    Xom [..*...]
Gold:   67         SH:  0    Dex:  0 (10) Spells: 3/3 levels left

rFire    . . .     SeeInvis +   a - +0 falchion (chaos)
rCold    . . .     Faith    .   (no shield)
rNeg     . . .     Spirit   .   b - +2 leather armour
rPois    .         Reflect  .   (helmet unavailable)
rElec    .         Harm     .   (no cloak)
rCorr    .         Rampage  .   (no gloves)
MR       .....                  (no boots)
Stlth    ..........             (no amulet)
HPRegen  0.12/turn              (no ring)
MPRegen  0.09/turn              (no ring)

@: paralysed, slowed, lost dexterity
A: permanent stasis, dig shafts and tunnels, four strong arms, antennae 3
a: Dig, Shaft Self, Renounce Religion


You were on level 3 of the Dungeon.
You worshipped Xom.
You were a toy of Xom.
You visited 1 branch of the dungeon, and saw 3 of its levels.

You collected 67 gold pieces.

Inventory:

Hand Weapons
 a - a +0 falchion of chaos (weapon)
Missiles
 c - a stone (quivered)
 f - 24 bolts
 i - 15 arrows
 m - 18 sling bullets
Armour
 b - a +2 leather armour (worn)
Scrolls
 e - a scroll of immolation {unknown}
 h - a scroll of teleportation {unknown}
 j - 2 scrolls of random uselessness {unknown}
 l - 2 scrolls of identify {unknown}
Potions
 d - a potion of flight {unknown}
 g - 3 potions of curing {unknown}
 k - 2 potions of brilliance {unknown}


   Skills:
 + Level 4.0 Fighting
 - Level 3.0 Long Blades
 + Level 3.1 Armour
 + Level 1.9 Dodging


You had 3 spell levels left.
You didn't know any spells.
Your spell library was empty.

Dungeon Overview and Level Annotations

Branches:
Dungeon (3/15)

Altars:
Ru


Innate Abilities, Weirdness & Mutations

You cannot be hasted, slowed, berserked, paralysed or teleported.
You can dig through walls and to a lower floor.
Your four strong arms can wield two-handed weapons with a shield.
You have a pair of large antennae on your head. (SInv)


Message History

The quasit closely misses you. The quasit bites you.
* * * LOW HITPOINT WARNING * * *
You feel clumsy.
The quasit claws you but does no damage.
The quasit barely misses you.
The quasit bites you but does no damage.
The quasit claws you.
* * * LOW HITPOINT WARNING * * *
You feel clumsy.
The quasit claws you but does no damage.
You closely miss the quasit.
The quasit is almost dead.
The quasit closely misses you.
You riposte.
You miss the quasit.
The quasit is almost dead.
The quasit claws you.
* * * LOW HITPOINT WARNING * * *
You feel clumsy.
You have lost your dexterity.
The quasit barely misses you. The quasit bites you.
You die...
Xom yawns loudly!

.. ## ... .#
...###########5#.####
.
............5@......#
.
........######5#.##..
..........# [# #
..........# .#
#####.#......# .#
##.........######.#
+.................#
##...........######
#............#


You could see 3 quasits.

Vanquished Creatures
  An adder (D:3)
  An ooze (D:3)
  A leopard gecko (D:1)
  2 orcs (D:3)
  A giant cockroach (D:1)
  3 goblins (D:1)
  8 hobgoblins
  7 bats
  4 frilled lizards
  7 kobolds (D:1)
  3 rats
38 creatures vanquished.

Notes
Turn   | Place    | Note
-------+----------+-------------------------------------------
     0 | D:1      | Descartes the Formicid Chaos Knight began the quest for the
                  | Orb.
     0 | D:1      | Reached XP level 1. HP: 18/18 MP: 1/1
    22 | D:1      | Reached skill level 1 in Dodging
    31 | D:1      | Reached XP level 2. HP: 17/24 MP: 2/2
    35 | D:1      | XOM: silly message
   370 | D:1      | XOM: silly message
   543 | D:1      | Reached XP level 3. HP: 30/30 MP: 3/3
  1021 | D:2      | Found a sacrificial altar of Ru.
  1046 | D:2      | XOM: silly message
  1095 | D:3      | XOM: divination: detect creatures
  1117 | D:3      | XOM: noise
  1267 | D:3      | Reached skill level 4 in Fighting
  1267 | D:3      | Reached XP level 4. HP: 30/37 MP: 4/4
  1361 | D:3      | XOM is BORED!
  1361 | D:3      | XOM: summons 3 hostile demons
  1370 | D:3      | HP: 1/37 [quasit[Xom] (1)]
  1370 | D:3      | Lost dexterity.
  1370 | D:3      | Slain by a quasit

Illustrated notes

Levels and vault maps discovered:
D:1:      dpeg_arrival_arbitrary_b, layout_loops_ring, st_stairs_4
D:2:      layout_loops_cross, nicolae_ru_the_path_less_chosen
D:3:      layout_basic, lemuel_crystal_altar

Skill      XL: |  1  2  3 |
---------------+----------+-----
Dodging        | 1 |  1.9
Armour         | 3 |  3.1
Fighting       | 4 |  4.0
Long Blades    | |  3.0

Action                   |  1- 3 |  4- 6 || total
-------------------------+-------+-------++-------
Melee: Falchion          |   103 |    15 ||   118
Armor: Leather armour    |    49 |    38 ||    87
Dodge: Dodged            |    81 |    45 ||   126
       Rpst.: Falchion   |    17 |     6 ||    23

Table legend: (Time is in decaauts)
 A = Elapsed time spent in this place.
 B = Non-inter-level travel time spent in this place.
 C = Inter-level travel time spent in this place.
 D = Time resting spent in this place.
 E = Time spent auto-exploring this place.
 F = Levels seen in this place.
 G = Mean time per level.
                   A        B        C        D        E       F      G
               +--------+--------+--------+--------+--------+-----+--------+
         Total |   1386 |   1330 |     56 |      0 |   1077 |   3 |  462.0 |
       Dungeon |   1386 |   1330 |     56 |      0 |   1077 |   3 |  462.0 |
               +--------+--------+--------+--------+--------+-----+--------+

Top non-repeatable levels by time:
     D:1: 981 daAuts
     D:3: 324 daAuts
     D:2: 80 daAuts
